 Dungeon Crawl Stone Soup version 0.28-a0-178-ga708605c5b (webtiles) character file.

Game seed: 11631806473547369089

1542 Lochraine the Thrower (level 8, 0/74 HPs)
             Began as an Ogre Hunter on Aug 17, 2021.
             Was a Believer of Okawaru.
             Slain by an orc priest (4 damage)
             ... on level 6 of the Dungeon.
             The game lasted 00:12:32 (5811 turns).

Lochraine the Thrower (Ogre Hunter)                 Turns: 5811, Time: 00:12:33

Health: 0/74       AC:  4    Str: 23    XL:     8   Next: 87%
Magic:  8/8        EV: 10    Int: 12    God:    Okawaru [**....]
Gold:   172        SH:  0    Dex: 11    Spells: 7/7 levels left

rFire   . . .      SeeInvis .   t - +2 dagger (elec)
rCold   . . .      Faith    .   (no shield)
rNeg    . . .      Spirit   .   v - +0 animal skin
rPois   .          Reflect  .   (helmet restricted)
rElec   .          Harm     .   C - +0 cloak
rCorr   .          Rampage  .   (gloves unavailable)
Will    .....                   (boots unavailable)
Stlth   +.........              g - amulet of regeneration
HPRegen 1.22/turn               p - ring of flight
MPRegen 0.11/turn               y - +6 ring of strength

@: attractive, flying
A: large, unfitting armour, tough skin 1
a: Renounce Religion, Heroism


You were on level 6 of the Dungeon.
You worshipped Okawaru.
Okawaru was pleased with you.
You visited 2 branches of the dungeon, and saw 7 of its levels.
You also visited: Sewer.

You collected 237 gold pieces.
You spent 65 gold pieces at shops.

Inventory:

Hand Weapons
 b - a +2 rapier of draining
   (You found it on level 4 of the Dungeon)
 j - a +0 long sword
   (You found it on level 1 of the Dungeon)
 t - a +2 dagger of electrocution (weapon)
   (You took it off a goblin on level 3 of the Dungeon)
 u - a +2 dagger of venom
   (You took it off a goblin on level 3 of the Dungeon)
 B - a +0 giant spiked club
   (You took it off an ogre on level 5 of the Dungeon)
Missiles
 d - 2 throwing nets {!f}
 h - 34 poisoned darts (quivered)
 i - 141 stones
 o - 5 boomerangs
 D - a curare-tipped dart
Armour
 k - a +0 kite shield
   (You found it on level 1 of the Dungeon)
 s - a scarf of shadows
   (You found it on level 3 of the Dungeon)
 v - a +0 animal skin (worn)
   (You took it off Robin on level 3 of the Dungeon)
 C - a +0 cloak (worn)
   (You found it on level 5 of the Dungeon)
Jewellery
 g - an amulet of regeneration (around neck)
   (You took it off a goblin on level 2 of the Dungeon)
 l - a ring of fire
   (You found it on level 1 of the Dungeon)
 p - a ring of flight (left hand)
   (You found it on level 3 of the Dungeon)
 y - a +6 ring of strength (right hand)
   (You found it on level 5 of the Dungeon)
 E - a ring of magical power
   (You found it on level 6 of the Dungeon)
Scrolls
 c - 3 scrolls of brand weapon {unknown}
 e - 5 scrolls of magic mapping
 f - 5 scrolls of identify {@r1}
 n - a scroll of acquirement {unknown}
 q - a scroll of teleportation {@r4}
 w - a scroll of fog {unknown}
 x - a scroll of fear {unknown}
 A - a scroll of immolation {unknown}
Potions
 m - 3 potions of cancellation
 r - a potion of brilliance {unknown}
 z - a potion of ambrosia {unknown}


   Skills:
 - Level 2.6 Fighting
 + Level 3.7 Maces & Flails
 + Level 10.6 Throwing
 - Level 1.7 Dodging
 - Level 0.6 Stealth


You had 7 spell levels left.
You didn't know any spells.
Your spell library contained the following spells:

 Spells                   Type           Power      Damage    Failure   Level
 Dazzling Flash           Conj/Hex       0%         N/A       69%         3
 Ignite Poison            Fire/Tmut/Pois 0%         N/A       69%         3
 Mephitic Cloud           Conj/Pois/Air  0%         N/A       69%         3
 Iskenderun's Mystic Bla  Conj/Tloc      0%         2d3       97%         4
 Bolt of Magma            Conj/Fire/Erth 0%         4d4       100%        5
 Starburst                Conj/Fire      0%         6d3       100%        6


Dungeon Overview and Level Annotations

Branches:
Dungeon (6/15)             Temple (1/1) D:5           Sewer (visited)

Altars:
Cheibriados
Dithmenos
Elyvilon
Fedhas
Hepliaklqana
Kikubaaqudgha
Makhleb
Nemelex Xobeh
Okawaru
Qazlal
Ru
Trog
Vehumet
Yredelemnul
Zin
The Shining One

Shops:
D:1 :   D:3 ?


Innate Abilities, Weirdness & Mutations

You are too large for most types of armour.
You have tough skin. (AC +1)


Message History

a +0 club; a +0 ring mail; an orc corpse You barely miss the orc priest.
The orc priest hits you with a +0 dagger.
You hit the orc priest but do no damage.
Lightning courses through the orc priest!
The ogre closely misses you. The orc priest barely misses you.
You hit the orc priest.
Lightning courses through the orc priest!
You kill the orc priest!
Okawaru accepts your kill. The ogre barely misses you.
You hit the ogre.
The ogre hits you with a +0 giant club!!
You barely miss the ogre. You hit the ogre. The ogre barely misses you.
The orc priest calls down the wrath of Beogh upon you.
Beogh smites you!
You hit the ogre. The ogre closely misses you.
You barely miss the ogre. The ogre barely misses you.
You hit the ogre. You hit the ogre but do no damage.
Lightning courses through the ogre! The ogre closely misses you.
The orc priest calls down the wrath of Beogh upon you.
Beogh smites you!
* * * LOW HITPOINT WARNING * * *
You are too injured to fight recklessly!
You are too injured to fight recklessly!
You hit the ogre. Lightning courses through the ogre!
You kill the ogre!
Okawaru accepts your kill.
The orc priest invokes the aid of Beogh against you.
Beogh smites you!
* * * LOW HITPOINT WARNING * * *
The orc priest mumbles some strange prayers to Beogh against you.
Beogh smites you!
* * * LOW HITPOINT WARNING * * *
You closely miss the orc priest. The orc priest hits you with a +0 mace.
* * * LOW HITPOINT WARNING * * *
You feel better. The orc priest hits you with a +0 mace.
* * * LOW HITPOINT WARNING * * *
You barely miss the orc priest.
The orc priest mumbles some strange prayers to Beogh against you.
Pain shoots through your body!
* * * LOW HITPOINT WARNING * * *
You completely miss the orc priest. The orc priest hits you with a +0 mace!
* * * LOW HITPOINT WARNING * * *
It was a potion of attraction.
You feel attractive to monsters. The orc priest hits you with a +0 mace.
You die...

#.....# #.....#
#...).# #.....#
#.....#######.....##
#.....#>....'...†..#
+.... #.##.##......#
... #....#######.##
#'####..### #..#
#o#.....# ##.#
#)#@##.## #.#
#)o.##.## #.#
######..# #.# ##'#
#.. #.# ##. 8.8
#####. ##.## #...)#
#.# +....+ 8.8
#....#


You could see an orc priest.

Vanquished Creatures
  2 sky beasts
  A necrophage (D:5)
  3 ogres
  A centaur (D:6)
  A phantom (D:5)
  A kobold brigand (D:6)
  4 scorpions
  2 centaur zombies (D:5)
  3 hounds
  2 orc priests
  A bullfrog skeleton (D:5)
  2 orc wizards
  A scorpion zombie (D:5)
  Robin (D:3)
  8 adders
  2 river rats (D:5)
  A white imp (D:6)
  4 worms
  2 dart slugs
  14 orcs
  5 ball pythons
  8 endoplasms
  6 giant cockroaches
  12 goblins
  6 hobgoblins
  9 jackals
  6 kobolds
  6 quokkas
  8 bats
  9 frilled lizards
  3 rats
134 creatures vanquished.

Vanquished Creatures (others)
  17 plants
17 creatures vanquished.

Grand Total: 151 creatures vanquished

Notes
Turn   | Place    | Note
-------+----------+-------------------------------------------
     0 | D:1      | Lochraine the Ogre Hunter began the quest for the Orb.
     0 | D:1      | Reached XP level 1. HP: 22/22 MP: 1/1
   212 | D:1      | Found a faded altar of an unknown god.
   580 | D:1      | Found Gixkuv's Book Shop.
  1065 | D:2      | Found a stormy altar of Qazlal.
  1102 | D:2      | Reached XP level 2. HP: 29/29 MP: 2/2
  1129 | D:2      | Reached XP level 3. HP: 7/36 MP: 3/3
  1135 | D:2      | Reached skill level 5 in Throwing
  1540 | D:2      | Reached XP level 4. HP: 44/44 MP: 4/4
  2236 | D:3      | HP: 1/44 [orc (4)]
  2237 | D:3      | Noticed a sky beast
  2607 | D:3      | Found Neowus's Magic Scroll Emporium.
  2616 | D:3      | Bought a scroll of identify for 26 gold pieces
  2616 | D:3      | Bought a scroll of teleportation for 39 gold pieces
  2875 | D:3      | Noticed Robin
  3002 | D:3      | Killed Robin
  3003 | D:3      | Reached skill level 6 in Throwing
  3111 | D:3      | Reached XP level 5. HP: 40/50 MP: 5/5
  3209 | D:3      | Killed a sky beast
  3210 | D:3      | Reached skill level 7 in Throwing
  3210 | D:3      | Reached XP level 6. HP: 59/59 MP: 6/6
  3728 | D:4      | Noticed a two-headed ogre
  3768 | D:5      | Entered Level 5 of the Dungeon
  3842 | D:5      | Found a glowing drain.
  3853 | Sewer    | Entered a sewer
  4347 | D:5      | Noticed a necrophage
  4357 | D:5      | Killed a necrophage
  4358 | D:5      | Reached skill level 8 in Throwing
  4358 | D:5      | Reached XP level 7. HP: 58/66 MP: 7/7
  4390 | D:5      | Found a staircase to the Ecumenical Temple.
  4419 | Temple   | Entered the Ecumenical Temple
  4440 | Temple   | Became a worshipper of Warmaster Okawaru
  4669 | D:5      | Reached skill level 9 in Throwing
  4743 | D:5      | Found a snail-covered altar of Cheibriados.
  4780 | D:5      | Reached * piety under Okawaru
  4980 | D:5      | Reached XP level 8. HP: 50/74 MP: 8/8
  5217 | D:5      | Found a shadowy altar of Dithmenos.
  5222 | D:5      | Found a stormy altar of Qazlal.
  5226 | D:5      | Found a glowing golden altar of the Shining One.
  5334 | D:5      | Reached skill level 1 in Maces & Flails
  5380 | D:5      | Reached skill level 10 in Throwing
  5663 | D:6      | Reached ** piety under Okawaru
  5810 | D:6      | HP: 2/74 [orc priest (7)]
  5811 | D:6      | Slain by an orc priest

Illustrated notes

Levels and vault maps discovered:
D:1:      saegor_arrival_simple_b, layout_basic, basic_ecumenical_altar,
          serial_shops, nicolae_shop_behind_doors
D:2:      layout_loops_cross, basic_altar
D:3:      layout_basic, serial_shops, nicolae_square_shop, serial_bayou_pond_b,
          uniq_robin
D:4:      kennysheep_kobold_camp, layout_basic, kennysheep_mini_moat,
          mainiacjoe_overflow_alcove_1
D:5:      layout_basic, kennysheep_slug_shrine, minitemple,
          minmay_temple_entry_proselytizer, cheibrodos_sewer_entry_sluice
D:6:      layout_basic, dk_noncrumbling_2
Temple:   minmay_temple_bridge_abc

Skill      XL: |  1  2  3  4  5  6  7  8 |
---------------+-------------------------+-----
Throwing       | 5 6 7 8 9 10 | 10.6
Maces & Flails | 3 |  3.7
Fighting       | |  2.6
Dodging        | |  1.7
Stealth        | |  0.6

Action                   |  1- 3 |  4- 6 |  7- 9 || total
-------------------------+-------+-------+-------++-------
Melee: Short sword       |    20 |       |       ||    20
       Long sword        |    45 |    52 |       ||    97
       Dagger            |       |   193 |   140 ||   333
Throw: Large rock        |    11 |     7 |       ||    18
       Dart              |       |    10 |    15 ||    25
  Use: Potion            |     2 |     1 |     2 ||     5
       Scroll            |       |     1 |       ||     1
 Stab: Sleeping          |     2 |     3 |       ||     5
Armor: Robe              |    40 |    34 |       ||    74
       Animal skin       |       |    49 |    27 ||    76
Dodge: Dodged            |    40 |   135 |    64 ||   239
       Rpst.: Long sword |    11 |    10 |       ||    21

Table legend: (Time is in decaauts)
 A = Elapsed time spent in this place.
 B = Non-inter-level travel time spent in this place.
 C = Inter-level travel time spent in this place.
 D = Time resting spent in this place.
 E = Time spent auto-exploring this place.
 F = Levels seen in this place.
 G = Mean time per level.
                   A        B        C        D        E       F      G
               +--------+--------+--------+--------+--------+-----+--------+
         Total |   5855 |   5658 |    197 |    535 |   3949 |   8 |  731.9 |
       Dungeon |   5226 |   5043 |    183 |    517 |   3504 |   6 |  871.0 |
        Temple |    154 |    140 |     14 |      0 |    132 |   1 |  154.0 |
         Sewer |    474 |    474 |      0 |     18 |    313 |   1 |  474.0 |
               +--------+--------+--------+--------+--------+-----+--------+

Top non-repeatable levels by time:
     D:3: 1127 daAuts
     D:2: 1102 daAuts
     D:1: 1046 daAuts
     D:5: 1045 daAuts
     D:4: 543 daAuts
   Sewer: 474 daAuts
     D:6: 362 daAuts
  Temple: 154 daAuts
